 Dungeon Sprint DCSS version 0.17-a0-1570-g74b7129 (webtiles) character file.

1176 tt080 the Imperceptible (level 8, -18/62 HPs)
             Began as a Naga Enchanter on July 23, 2015.
             Was an Initiate of Sif Muna.
             Demolished by a deep troll (25 damage)
             ... in the Dungeon (Sprint I: "Red Sonja").
             The game lasted 00:02:20 (225 turns).

tt080 the Imperceptible (Naga Enchanter)             Turns: 225, Time: 00:02:20

Health: -18/62     AC:  4    Str: 10    XL:     8   Next: 41%
Magic:  11/11      EV: 10    Int: 19    God:    Sif Muna [......]
Gold:   351        SH:  0    Dex: 11    Spells: 3 memorised, 5 levels left

rFire  . . .     SeeInvis +     a - +1 dagger
rCold  . . .     Clarity  .     b - +1 robe
rNeg   . . .     SustAt   .     (no shield)
rPois  +         Gourm    .     (no helmet)
rElec  .         Spirit   .     (no cloak)
rCorr  .         Warding  .     (no gloves)
rMut   .         NoTele   +     (no barding)
MR     +....                    (no amulet)
Stlth  +++++++++.               (no ring)
                                (no ring)

@: very slightly contaminated, very slow, somewhat resistant to hostile
enchantments, incredibly stealthy
A: see invisible, deformed body, poison resistance, slowness 2, slow metabolism
1, spit poison 2, AC +2
a: Spit Poison, Renounce Religion


You were in the Dungeon.
You worshipped Sif Muna.
Sif Muna was noncommittal.
You were not hungry.

You visited 1 branch You collected 351 gold pieces.

Inventory:

Hand weapons
 a - a +1 dagger (weapon)
 m - a +4 blowgun
 n - a +0 short sword of distortion
Missiles
 o - 8 curare-tipped needles
Armour
 b - a +1 robe (worn)
Potions
 e - a potion of curing
 f - a potion of heal wounds
 g - a potion of haste
 h - 2 potions of magic
Books
 c - a book of Maledictions

   Spells                             Type                      Level
   a - Corona                         Hexes                        1
   b - Ensorcelled Hibernation        Hexes/Ice                    2
   c - Confuse                        Hexes                        3
   d - Tukima's Dance                 Hexes                        3
   e - Dazzling Spray                 Conjuration/Hexes            3
Comestibles
 d - a bread ration
 i - 9 chunks of flesh
 k - a royal jelly
 l - a beef jerky


   Skills:
 - Level 1.0 Short Blades
 - Level 1.5 Dodging
 + Level 24.1 Stealth
 - Level 2.0 Spellcasting
 - Level 3.0 Hexes


You had 5 spell levels left.
You knew the following spells:

 Your Spells              Type           Power        Failure   Level  Hunger
a - Corona                Hex            ##.....      6%          1    #......
b - Ensorcelled Hibernat  Hex/Ice        #.....       14%         2    ###....
c - Confuse               Hex            ##......     14%         3    ###....


Dungeon Overview and Level Annotations

Branches:
Dungeon (1/1)

Altars:
Cheibriados
Dithmenos
Elyvilon
Fedhas
Gozag
Kikubaaqudgha
Makhleb
Nemelex Xobeh
Okawaru
Qazlal
Ru
Sif Muna
Trog
Vehumet
Xom
Yredelemnul
Zin
The Shining One
Jiyva

Shops:
D }


Innate Abilities, Weirdness & Mutations

You cannot wear boots.
Your serpentine skin is tough (AC +2).
You have supernaturally acute eyesight.
Armour fits poorly on your strangely shaped body.
Your system is resistant to poisons.
You cover ground very slowly.
You have a slow metabolism.
You can spit poison.


Message History

The deep troll claws you!
* * * LOW HITPOINT WARNING * * *
Read which item? (? for menu, Esc to quit)
Blink to where?
Press: ? - help, Dir - move target cursor You are very lightly contaminated with residual magic.
As you read the scroll of blinking, it crumbles to dust.
There is an open door here.
Which direction?
You close the door.
A deep troll opens the door.
There is an open door here.
You close the door.
Something unseen opens the door.
There is an open door here.
There's a creature in the doorway!
You hit the deep troll but do no damage.
You hit the deep troll but do no damage.
The deep troll bites you!!
You die...

###################
#<.#.)'.@#.)'..#__#
#..'..#.)T..#..'..+
#..#####+#####'#__#
#..### #...#T####
#..#__####..##T#
#..#_..__##'#..+
#⌠⌠#_.∩...'..._#
####_..._##_.#+#
#_____###'#


You could see a deep troll.

Vanquished Creatures
  Sonja (D)
  A slime creature (D)
  Sigmund (D)
  A yak (D)
  An ogre (D)
  Ijyb (D)
  A jelly (D)
7 creatures vanquished.

Notes
Turn   | Place    | Note
--------------------------------------------------------------
     0 | D        | tt080 the Naga Enchanter began the quest for the Orb.
     0 | D        | Reached XP level 1. HP: 15/15 MP: 3/3
     1 | D        | Noticed Ijyb
    13 | D        | Killed Ijyb
    13 | D        | Reached skill level 10 in Stealth
    13 | D        | Reached XP level 2. HP: 22/22 MP: 5/5
    13 | D        | Reached XP level 3. HP: 28/28 MP: 6/6
    95 | D        | Noticed an ogre
    97 | D        | Killed an ogre
    97 | D        | Reached skill level 14 in Stealth
    97 | D        | Reached XP level 4. HP: 36/36 MP: 7/7
    97 | D        | Reached XP level 5. HP: 42/42 MP: 8/8
   104 | D        | Learned a level 2 spell: Ensorcelled Hibernation
   108 | D        | Learned a level 3 spell: Confuse
   108 | D        | Noticed Sigmund
   111 | D        | Killed Sigmund
   111 | D        | Reached skill level 18 in Stealth
   111 | D        | Reached XP level 6. HP: 49/49 MP: 9/9
   125 | D        | Found a deep blue altar of Sif Muna.
   126 | D        | Noticed a jelly
   127 | D        | Found a radiant altar of Vehumet.
   131 | D        | Killed a jelly
   138 | D        | Found a viscous altar of Jiyva.
   138 | D        | Found a blossoming altar of Fedhas.
   138 | D        | Noticed a slime creature
   139 | D        | Found a snail-covered altar of Cheibriados.
   139 | D        | Found a shadowy altar of Dithmenos.
   141 | D        | Killed a slime creature
   141 | D        | Reached skill level 20 in Stealth
   141 | D        | Reached XP level 7. HP: 55/55 MP: 10/10
   148 | D        | Became a worshipper of Sif Muna the Loreminder
   166 | D        | Found Suath's Gadget Emporium.
   166 | D        | Found a white marble altar of Elyvilon.
   166 | D        | Found a stormy altar of Qazlal.
   166 | D        | Found a basalt altar of Yredelemnul.
   166 | D        | Found an iron altar of Okawaru.
   166 | D        | Found a sparkling altar of Nemelex Xobeh.
   166 | D        | Found a shimmering altar of Xom.
   166 | D        | Found an ancient bone altar of Kikubaaqudgha.
   166 | D        | Noticed a yak
   167 | D        | Found a burning altar of Makhleb.
   167 | D        | Found a sacrificial altar of Ru.
   167 | D        | Found a glowing golden altar of the Shining One.
   167 | D        | Found an opulent altar of Gozag.
   167 | D        | Found a glowing silver altar of Zin.
   168 | D        | Killed a yak
   168 | D        | Reached skill level 21 in Stealth
   169 | D        | Found a bloodstained altar of Trog.
   189 | D        | Noticed Sonja
   193 | D        | Killed Sonja
   193 | D        | Reached skill level 24 in Stealth
   193 | D        | Reached XP level 8. HP: 62/62 MP: 11/11
   205 | D        | Noticed a deep troll
   211 | D        | HP: 3/62 [deep troll (13)]
   225 | D        | Demolished by a deep troll

Vault maps used:
D:        dungeon_sprint_1

Action                   |  1- 3 |  4- 6 |  7- 9 || total
-------------------------+-------+-------+-------++-------
Melee: Dagger            |    10 |     3 |     5 ||    18
  Use: Potion            |     1 |       |       ||     1
       Scroll            |       |       |     1 ||     1
 Stab: Sleeping          |     2 |     3 |     2 ||     7
